 Dungeon Crawl Stone Soup version 0.30-b1-2-g02819fbbbe (webtiles) character file.

Game seed: 2300158121816377168

133 sanka the Trooper (level 5, -1/43 HPs)
             Began as a Barachi Enchanter on May 19, 2023.
             Succumbed to a scorpion's poison
             ... on level 4 of the Dungeon.
             The game lasted 00:03:41 (2553 turns).

sanka the Trooper (Barachi Enchanter)               Turns: 2553, Time: 00:03:41

Health: -1/43      AC:  8    Str:  9    XL:     5   Next: 16%
Magic:  8/8        EV:  5    Int: 18    God:
Gold:   148        SH:  0    Dex: 12    Spells: 8/8 levels left

rFire   + . .        r - +0 mace
rCold   . . .        (no shield)
rNeg    . . .        e - +0 chain mail
rPois   .            (no helmet)
rElec   .            (no cloak)
rCorr   .            (no gloves)
SInv    .            (no boots)
Will    .....        (no amulet) Stlth
                     f - ring of protection from fire
HPRegen 0.27/turn    (no ring)
MPRegen 0.11/turn

%: no passive effects
@: lethally poisoned (-1 -> -7), slow
A: amphibious, slowness 1, strong legs 1, +LOS
a: Hop


You were on level 4 of the Dungeon.
You visited 1 branch of the dungeon, and saw 4 of its levels.

You collected 148 gold pieces.

Inventory:

Hand Weapons
 a - a +1 dagger
 r - a +0 mace (weapon)
Armour
 b - a +0 robe
 e - a +0 chain mail (worn)
Jewellery
 f - a ring of protection from fire (left hand)
 q - a ring of ice
Wands
 k - a wand of iceblast (2)
Scrolls
 g - 2 scrolls of identify {unknown}
 h - 2 scrolls of amnesia {unknown}
 j - 2 scrolls of noise {unknown}
 m - a scroll of enchant weapon {unknown}
 n - a scroll of vulnerability {unknown}
Potions
 c - 2 potions of invisibility
 d - 3 potions of might {unknown}
 i - a potion of mutation {unknown}
 l - a potion of heal wounds {unknown}
 o - 2 potions of degeneration {unknown}
 p - 2 potions of curing {unknown}


   Skills:
 + Level 4.8 Fighting
 - Level 1.1 Short Blades
 + Level 3.3 Dodging
 - Level 2.6 Stealth
 - Level 2.1 Spellcasting
 - Level 3.2 Hexes


You had 8 spell levels left.
You didn't know any spells.
Your spell library contained the following spells:

 Spells                   Type           Power      Damage    Failure   Level
 Ensorcelled Hibernation  Hex/Ice        14%        N/A       100%        2
 Sublimation of Blood     Necr           1%         N/A       100%        2
 Confusing Touch          Hex            13%        N/A       100%        3
 Dazzling Flash           Conj/Hex       14%        N/A       100%        3
 Tukima's Dance           Hex            13%        N/A       100%        3
 Petrify                  Tmut/Erth      1%         N/A       100%        4
 Irradiate                Conj/Tmut      0%         3d11      100%        5


Dungeon Overview and Level Annotations

Branches:
Dungeon (4/15)
 Temple: D:4-7

Altars:


Innate Abilities, Weirdness & Mutations

You are amphibious.
You cover ground slowly.
You can hop short distances.
You have an extended range of vision and can be seen from far away.


Message History

You barely miss the scorpion.
The scorpion is almost dead.
You feel very sick. The scorpion barely misses you.
You hit the scorpion but do no damage.
The scorpion is almost dead.
You feel sick. The scorpion stings you.
You are more poisoned.
The scorpion poisons you!
A bat comes into view.
The scorpion stings you but does no damage.
You closely miss the scorpion.
The scorpion is almost dead.
You feel very sick. The scorpion stings you.
You are more poisoned.
The scorpion poisons you! The scorpion stings you.
You hit the scorpion but do no damage.
The scorpion is almost dead.
* * * LOW HITPOINT WARNING * * *
You feel very sick. The scorpion stings you.
* * * LOW HITPOINT WARNING * * *
The bat hits you but does no damage.
You hit the scorpion.
You kill the scorpion!
* * * LOW HITPOINT WARNING * * *
You feel very sick. The bat hits you but does no damage.
Your Dodging skill increases to level 3!
You have reached level 5!
Unknown command.
Unknown command.
You hit the bat.
The bat is severely wounded.
* * * LOW HITPOINT WARNING * * *
You feel very sick. The bat hits you but does no damage. x2
Unknown command.
You die...

###### #....#
#######....####
#.............#
#......##.....#
##.#.#......##.....#
...............b...#
....>....)..).....##
...#.#........†@.##
. # #...........#
........###..#
#.###..... ###.# ...
#...... ..# ...
......... .... ...
........... .....
...... ...... .....


You could see a bat.

Vanquished Creatures
  A scorpion (D:4)
  An adder (D:2)
  2 worms (D:3)
  A dart slug (D:1)
  2 orcs
  5 ball pythons
  5 endoplasms
  2 giant cockroaches (D:1)
  9 goblins
  5 hobgoblins
  4 jackals (D:2)
  2 quokkas
  2 bats
  2 frilled lizards
  5 kobolds
  3 rats
51 creatures vanquished.

Notes
Turn   | Place    | Note
-------+----------+-------------------------------------------
     0 | D:1      | sanka the Barachi Enchanter began the quest for the Orb.
     0 | D:1      | Reached XP level 1. HP: 13/13 MP: 3/3
   108 | D:1      | Reached skill level 1 in Fighting
   119 | D:1      | Reached XP level 2. HP: 19/22 MP: 5/5
   196 | D:1      | Reached skill level 2 in Fighting
   513 | D:1      | Reached skill level 3 in Fighting
   795 | D:1      | Reached XP level 3. HP: 29/29 MP: 6/6
  1893 | D:2      | Reached skill level 4 in Fighting
  1893 | D:2      | Reached XP level 4. HP: 5/37 MP: 7/7
  2035 | D:3      | Found a faded altar of an unknown god.
  2538 | D:4      | Noticed a scorpion
  2551 | D:4      | Killed a scorpion
  2552 | D:4      | Reached XP level 5. HP: 4/43 MP: 8/8
  2552 | D:4      | HP: 1/43 [poisoned by a scorpion]
  2553 | D:4      | Succumbed to a scorpion's poison

Illustrated notes

Levels and vault maps discovered:
D:1:      psy_arrival_radial02, layout_loops_ring
D:2:      layout_loops_ring
D:3:      layout_basic, nicolae_ecumenical_pavilion, grunt_ministairs_8,
          solitary_fountain
D:4:      layout_basic, roderic_batcave, uniq_eustachio

Skill      XL: |  1  2  3  4 |
---------------+-------------+-----
Fighting       | 1 3 4 |  4.8
Dodging        | 3 |  3.3
Short Blades   | |  1.1
Stealth        | |  2.6
Spellcasting   | |  2.1
Hexes          | |  3.2

Action                     |  1- 3 |  4- 6 || total
---------------------------+-------+-------++-------
  Melee: Dagger            |   169 |    72 ||   241
         Mace              |       |    11 ||    11
Ability: Hop               |     1 |       ||     1
  Evoke: Wand              |       |     1 ||     1
 Armour: Chain mail        |   108 |    39 ||   147
         Robe              |     1 |       ||     1
  Dodge: Dodged            |    34 |    18 ||    52
